cohdb
Replays
Latest Replays
All Replays
Popular Replays
Top Player Replays
Match Explorer
How It Works
Community
CoH3 Stats
Reddit
Sign in to upload your games and track your stats! →
Sign in with Steam
Match 45108939
Unlisted
Match 45108939
Overview
Messages
Build Orders
End
Pioneer Squad
Construct Infanterie Kompanie
Selects Terror Battlegroup
Selects Machine Gun Camouflage
MG 42 Machine Gun Team
MG 42 Machine Gun Team
Grenadier Squad
Construct Luftwaffe Kompanie
Flak 30 Anti-aircraft Gun Team
Jäger Squad
Grenadier Squad
Support Elements
Wirbelwind Flakpanzer
Jäger Squad
Pioneer Squad
Selects Defend the Fatherland
Wirbelwind Flakpanzer
Luftwaffe Officer Quarters
Marder III M Tank Destroyer
Selects King Tiger Heavy Tank
King Tiger Heavy Tank
Jäger Squad
Pioneer Squad
Selects Contempt for the Weak
el campo
Doctor Guver
MaXiS
bl4ckjack
CalmSassarShow
Sponge_bobby
0
0
Comments
sign in to comment!
No comments posted yet!